 Dungeon Sprint DCSS version 0.20-a0-1122-gb7cbeb9 (webtiles) character file.

9423 potatolord6000 the Warrior (level 11, -8/116 HPs)
             Began as a Grey Draconian Fighter on May 11, 2017.
             Was an Initiate of Gozag.
             Mangled by a large abomination (39 damage)
             ... while paralysed by accursed screaming
             ... in the Dungeon (Sprint V: "Ziggurat Sprint").
             The game lasted 00:12:52 (1016 turns).

potatolord6000 the Warrior (Grey Draconian Fighter) Turns: 1016, Time: 00:12:53

Health: -8/116     AC: 22    Str: 34    XL:     11   Next: 22%
Magic:  11/11      EV:  2    Int: 12    God:    Gozag
Gold:   668        SH:  0    Dex: 21    Spells: 10/10 levels left

rFire    + . .     SeeInvis .   z - +8 lance "Wyrmbane" {slay drac, rPois rF+ rC+ AC+3}
rCold    + . .     Gourm    .   y - +18 shield of the Gong {rElec rN+ MR+ EV-5}
rNeg     + + +     Faith    .   (armour unavailable)
rPois    +         Spirit   .   B - +0 hat {MR+}
rElec    +         Reflect  +   d - +2 ratskin cloak {+Rats rPois rN+ Str-1 Int-1 Dex+1}
rCorr    .         Harm     .   n - +1 pair of gloves {Dex+3}
MR       +++..     NoTele   +   A - +1 pair of boots {Stlth+}
Stlth    ++++......             G - +2 amulet of reflection
Regen    0.3/turn               C - +6 ring of strength
MPRegen  0.2/turn               H - ring of Veatazye {rN+ MR+ Str+3 Slay+2}

@: paralysed, mighty, brilliant, agile, gold aura, very slightly contaminated,
studying 2 skills
A: walk through water, unfitting armour, unbreathing, cold-blooded, AC +12
a: Potion Petition, Call Merchant, Bribe Branch, Renounce Religion, Evoke
Ratskin


You were in the Dungeon.
You worshipped Gozag.
Gozag was pleased with you.
You were not hungry.

You visited 1 branch You collected 5499 gold pieces.
You spent 1811 gold pieces at shops.
You paid 3020 gold pieces to Gozag.

Inventory:

Hand Weapons
 z - the +8 lance "Wyrmbane" (weapon) {slay drac, rPois rF+ rC+ AC+3}
   (You found it in the Dungeon)

   It affects your AC (+3).
   It protects you from fire.
   It protects you from cold.
   It protects you from poison.
Armour
 d - the +2 ratskin cloak (worn) {+Rats rPois rN+ Str-1 Int-1 Dex+1}
   (You bought it in a shop in the Dungeon)

   It affects your strength (-1).
   It affects your intelligence (-1).
   It affects your dexterity (+1).
   It protects you from poison.
   It protects you from negative energy.
 n - a +1 pair of gloves of dexterity (worn)
 y - the +18 shield of the Gong (worn) {rElec rN+ MR+ EV-5}
   (You found it in the Dungeon)

   It affects your evasion (-5).
   It insulates you from electricity.
   It protects you from negative energy.
   It affects your resistance to hostile enchantments.
 A - a +1 pair of boots of stealth (worn)
 B - a +0 hat of magic resistance (worn)
Jewellery
 C - a +6 ring of strength (left hand)
 G - a +2 amulet of reflection (around neck)
 H - the ring of Veatazye (right hand) {rN+ MR+ Str+3 Slay+2}
   (You bought it in a shop in the Dungeon)

   [ring of slaying]

   It affects your strength (+3).
   It affects your accuracy and damage with ranged weapons and melee attacks
   (+2).
   It protects you from negative energy.
   It affects your resistance to hostile enchantments.
Scrolls
 a - 2 scrolls of brand weapon
 j - 3 scrolls of blinking
 p - 4 scrolls of amnesia
 q - 3 scrolls of recharging
 r - 7 scrolls of fog
 s - a scroll of holy word
 t - 5 scrolls of identify
 u - 5 scrolls of remove curse
 v - 2 scrolls of fear
Potions
 c - 4 potions of might
 e - 13 potions of curing
 g - 4 potions of haste
 h - 7 potions of magic
 i - 3 potions of berserk rage
 k - 2 potions of brilliance
 l - 2 potions of invisibility
 m - 3 potions of resistance
 o - 5 potions of agility
Books
 b - a manual of Maces & Flails
 F - a manual of Long Blades
Comestibles
 w - 42 fruits
 x - 4 meat rations


   Skills:
 + Level 16.9 Fighting
   Level 2.0(10.5) Axes
 + Level 15.4(15.5) Polearms
 - Level 2.6 Dodging
 + Level 15.7 Shields


You had 10 spell levels left.
You didn't know any spells.

Dungeon Overview and Level Annotations

Branches:
Dungeon (1/1)

Altars:
Ashenzari
Cheibriados
Dithmenos
Elyvilon
Fedhas
Gozag
Hepliaklqana
Kikubaaqudgha
Makhleb
Nemelex Xobeh
Okawaru
Qazlal
Ru
Sif Muna
Trog
Uskayaw
Vehumet
Wu Jian
Xom
Yredelemnul
Zin
The Shining One
Beogh
Jiyva
Lugonu

Shops:
D ![=

Annotations:
D 1 transporter


Innate Abilities, Weirdness & Mutations

You can walk through water.
Your dull iron-grey scales are very hard. (AC +12)
You cannot fit into any form of body armour.
You can survive without breathing.
You are cold-blooded and may be slowed by cold attacks.


Message History

You block the large abomination's attack.
PANG!
You block the starcursed mass's attack.
GONNNNG!
The large abomination hits you! x2; You block the starcursed mass's attack.
PANG!
You block the starcursed mass's attack.
GONNNNG!
You block the starcursed mass's attack.
BOUMMMMG!
You puncture the starcursed mass!
You destroy the starcursed mass!
You block the large abomination's attack.
GONNNNG!
A cacophony of accursed wailing tears at your sanity!
* * * LOW HITPOINT WARNING * * *
You suddenly lose the ability to move!
The large abomination hits you!!!
You die...
Your body crumbles into a pile of gold.

▓......
▓▓▓▓▓▓▓▓▓▓▓▓▓▓▓▓▓▓▓
▓...8©8...▓...8©8..
▓..=)!|}:.▓..[[):).
▓..|"}|)..▓..))}:|.
▓.........▓........
▓XXX......▓........
▓XXX5.....▓..∩.....
▓$@XXx$...▓........
▓XX▓xX.▓..▓........
▓.▓X....▓.▓.▓.....▓
▓..4......▓........
▓▓▓▓▓▓▓▓▓▓▓▓▓▓▓▓▓▓▓


You could see 9 starcursed masses, an orange demon, 3 large abominations, 2
small abominations and an iron imp.

Vanquished Creatures
  Erica (D)
  A deep elf knight (D)
  3 deep elf archers (D)
  3 deep elf magi (D)
  A torpor snail (D)
  A spiny frog (D)
  A komodo dragon (D)
  A yaktaur (D)
  2 polar bears (D)
  A wind drake (D)
  3 merfolk (D)
  A hippogriff (D)
  A blink frog (D)
  A flying skull (D)
  3 air elementals (D)
  A water elemental (D)
  Sigmund (D)
  A basilisk (D)
  A small abomination (D)
  2 fire elementals (D)
  2 insubstantial wisps (D)
  Edmund (D)
  Duvessa (D)
  2 porcupines (D)
  4 necrophages (D)
  2 phantoms (D)
  4 centaurs (D)
  A crocodile (D)
  Blork the orc (D)
  An earth elemental (D)
  Dowan (D)
  A crimson imp (D)
  A starcursed mass (D)
  Crazy Yiuf (D)
  An iron imp (D)
  Jessica (D)
  5 mummies (D)
  A white imp (D)
  An ufetubus (D)
  2 adder skeletons (D)
  A bat zombie (D)
  A giant cockroach zombie (D)
66 creatures vanquished.

Vanquished Creatures (others)
  A water elemental (D)
1 creature vanquished.

Grand Total: 67 creatures vanquished

Notes
Turn   | Place    | Note
-------+----------+-------------------------------------------
     0 | D        | potatolord6000 the Draconian Fighter began the quest for the Orb.
     0 | D        | Reached XP level 1. HP: 19/19 MP: 1/1
     0 | D        | Found a blossoming altar of Fedhas.
     1 | D        | Found a viscous altar of Jiyva.
     1 | D        | Found an ancient bone altar of Kikubaaqudgha.
     1 | D        | Found a hazy altar of Hepliaklqana.
     1 | D        | Found a corrupted altar of Lugonu.
     1 | D        | Found an opulent altar of Gozag.
     1 | D        | Found a burning altar of Makhleb.
     5 | D        | Found a deep blue altar of Sif Muna.
     5 | D        | Found a sacrificial altar of Ru.
     5 | D        | Found a bloodstained altar of Trog.
     5 | D        | Found a stormy altar of Qazlal.
     5 | D        | Found an iron altar of Okawaru.
     5 | D        | Found a sparkling altar of Nemelex Xobeh.
    74 | D        | Became a worshipper of Gozag Ym Sagoz the Greedy
    83 | D        | Reached skill level 5 in Fighting
    83 | D        | Reached skill level 5 in Shields
    83 | D        | Reached XP level 2. HP: 30/30 MP: 2/2
    86 | D        | Entered arena 2.
    86 | D        | Noticed a centaur
    86 | D        | Noticed a yaktaur
    91 | D        | Killed a centaur
    91 | D        | Reached skill level 7 in Fighting
    91 | D        | Reached skill level 5 in Polearms
    91 | D        | Reached XP level 3. HP: 39/39 MP: 3/3
    91 | D        | Reached XP level 4. HP: 47/47 MP: 4/4
    96 | D        | Killed a yaktaur
    96 | D        | Reached skill level 9 in Fighting
    96 | D        | Reached XP level 5. HP: 57/57 MP: 5/5
    96 | D        | Reached XP level 6. HP: 64/64 MP: 6/6
   106 | D        | Entered arena 3.
   106 | D        | Noticed a deep elf mage
   106 | D        | Noticed a water elemental
   106 | D        | Noticed a fire elemental
   108 | D        | Noticed a neqoxec
   110 | D        | Noticed a chaos spawn
   114 | D        | Killed a water elemental
   114 | D        | Reached skill level 10 in Fighting
   118 | D        | Killed a deep elf mage
   118 | D        | Reached skill level 11 in Fighting
   118 | D        | Reached skill level 10 in Shields
   118 | D        | Your scales start taking on a dull iron-grey colour.
   118 | D        | Reached XP level 7. HP: 68/74 MP: 7/7
   118 | D        | Gained mutation: You can survive without breathing. [Grey Draconian growth]
   120 | D        | Killed a fire elemental
   120 | D        | Reached skill level 10 in Polearms
   133 | D        | Entered arena 4.
   142 | D        | Reached XP level 8. HP: 71/82 MP: 8/8
   155 | D        | Entered arena 5.
   177 | D        | Entered arena 6.
   182 | D        | Reached skill level 12 in Fighting
   237 | D        | Entered arena 7.
   237 | D        | Noticed an air elemental
   237 | D        | Noticed a wind drake
   237 | D        | Noticed an air elemental
   237 | D        | Noticed an air elemental
   243 | D        | Killed an air elemental
   248 | D        | Killed an air elemental
   258 | D        | Killed an air elemental
   258 | D        | Reached skill level 13 in Fighting
   258 | D        | Reached XP level 9. HP: 84/93 MP: 9/9
   266 | D        | Killed a wind drake
   311 | D        | Got the ring "Buvaumpi" {Ice +Inv Int+6}
   318 | D        | Bought the +2 ratskin cloak {+Rats rPois rN+ Str-1 Int-1 Dex+1} for 361 gold pieces
   318 | D        | Bought a +1 pair of gloves of dexterity for 214 gold pieces
   318 | D        | Bought a +1 pair of boots of stealth for 214 gold pieces
   339 | D        | Entered arena 8.
   378 | D        | Entered arena 9.
   378 | D        | Noticed a merfolk
   378 | D        | Noticed a merfolk
   378 | D        | Noticed a merfolk
   388 | D        | Killed a merfolk
   396 | D        | Reached skill level 14 in Fighting
   405 | D        | Killed a merfolk
   409 | D        | Killed a merfolk
   628 | D        | Entered arena 10.
   628 | D        | Noticed Sigmund
   628 | D        | Noticed Jessica
   628 | D        | Noticed Blork the orc
   628 | D        | Noticed Crazy Yiuf
   628 | D        | Noticed Dowan
   628 | D        | Noticed Duvessa
   628 | D        | Noticed Edmund
   628 | D        | Noticed Erica
   639 | D        | Killed Erica
   639 | D        | Reached XP level 10. HP: 80/104 MP: 10/10
   643 | D        | Killed Edmund
   649 | D        | Killed Duvessa
   655 | D        | Killed Blork the orc
   660 | D        | Killed Crazy Yiuf
   660 | D        | Reached skill level 15 in Fighting
   661 | D        | Killed Jessica
   663 | D        | Killed Dowan
   673 | D        | Killed Sigmund
   702 | D        | Entered arena 11.
   702 | D        | Noticed a deep elf archer
   702 | D        | Noticed a deep elf archer
   702 | D        | Noticed a deep elf archer
   702 | D        | Noticed a deep elf knight
   702 | D        | Noticed a deep elf mage
   702 | D        | Noticed a deep elf mage
   709 | D        | Killed a deep elf knight
   718 | D        | Killed a deep elf archer
   722 | D        | Killed a deep elf archer
   725 | D        | Killed a deep elf mage
   729 | D        | Killed a deep elf mage
   739 | D        | Killed a deep elf archer
   739 | D        | Reached skill level 16 in Fighting
   739 | D        | Reached skill level 15 in Shields
   785 | D        | Bought a +2 amulet of reflection for 105 gold pieces
   785 | D        | Bought the ring of Veatazye {rN+ MR+ Str+3 Slay+2} for 617 gold pieces
   797 | D        | Entered arena 12.
   797 | D        | Noticed a spiny frog
   798 | D        | Noticed a torpor snail
   809 | D        | Killed a spiny frog
   817 | D        | Reached XP level 11. HP: 73/115 MP: 11/11
   820 | D        | Reached skill level 15 in Polearms
   876 | D        | Bought a potion of might for 48 gold pieces
   876 | D        | Bought 2 potions of curing for 72 gold pieces
   876 | D        | Bought a potion of heal wounds for 60 gold pieces
   876 | D        | Bought a potion of haste for 120 gold pieces
   981 | D        | Entered arena 13.
   981 | D        | Noticed a starcursed mass
   981 | D        | Noticed a large abomination
   993 | D        | Paralysed by accursed screaming for 2 turns
  1009 | D        | Paralysed by accursed screaming for 2 turns
  1010 | D        | HP: 4/116 [starcursed mass (2)]
  1015 | D        | Paralysed by accursed screaming for 2 turns
  1016 | D        | Mangled by a large abomination

Vault maps used:
D:        sprint_v

Skill      XL: |  1  2  3  4  5  6  7  8  9 10 11 |
---------------+----------------------------------+-----
Fighting       | 5 7 9 11 13 14 16 | 16.9
Polearms       | 4 5 8 9 10 11 13 14 15 | 15.4
Shields        | 5 6 8 10 12 13 15 | 15.7
Axes           | |  2.0
Dodging        | |  2.6

Action                   |  1- 3 |  4- 6 |  7- 9 | 10-12 || total
-------------------------+-------+-------+-------+-------++-------
Melee: Lance             |     4 |    13 |   116 |   106 ||   239
       Tailslap          |     2 |     2 |    26 |    24 ||    54
Invok: Call Merchant     |       |       |     1 |     2 ||     3
       Potion Petition   |       |       |       |     2 ||     2
  Use: Potion            |     2 |     3 |     2 |    12 ||    19
       Scroll            |       |       |       |     1 ||     1
 Stab: Distracted        |       |       |     1 |       ||     1
Armor: Skin              |       |     3 |    17 |    39 ||    59
Dodge: Dodged            |       |       |     9 |    36 ||    45
Block: Shield            |     6 |     8 |   155 |   186 ||   355
